 Dungeon Crawl Stone Soup version 0.19-a0-1002-g674d22e (console) character file.

14482 brucemayne the Severer (level 11, 0/79 HPs)
             Began as a Vampire Berserker on July 18, 2016.
             Was an Elder of Trog.
             Slain by a soul eater (7 damage)
             ... summoned by an orc high priest
             ... on level 2 of the Orcish Mines.
             The game lasted 00:33:54 (6064 turns).

brucemayne the Severer (Vampire Berserker)          Turns: 6064, Time: 00:33:55

Health: 0/79       AC: 18    Str: 19    XL:     11   Next: 89%
Magic:  11/11      EV:  7    Int: 10    God:    Trog [****..]
Gold:   1181       SH:  0    Dex: 14    Spells: 0 memorised, 10 levels left

rFire  . . .     SeeInvis +     y - +1 war axe "Goblinslayer" {speed, MR+}
rCold  + . .     Gourm    .     u - +0 plate armour
rNeg   + + .     Faith    .     (no shield)
rPois  +         Spirit   .     h - +1 helmet
rElec  .         Dismiss  .     l - +2 cloak {MR+}
rCorr  .         Reflect  .     (no gloves)
SustAt +         Harm     .     (no boots)
MR     +++++                    (no amulet)
Stlth  ..........               w - ring of sustain attributes
                                (no ring)

@: exhausted, regenerating, slowed, very slow, almost entirely resistant to
hostile enchantments, extremely unstealthy
A: fangs 3, see invisible, unbreathing
a: Bat Form, Berserk, Trog's Hand, Brothers in Arms, Burn Spellbooks, Renounce
Religion


You were on level 2 of the Orcish Mines.
You worshipped Trog.
Trog was greatly pleased with you.
You were very thirsty.

You visited 3 branches of the dungeon, and saw 14 of its levels.

You collected 1236 gold pieces.
You spent 55 gold pieces at shops.

Inventory:

Hand Weapons
 a - a +0 hand axe
 e - a cursed -3 hunting sling
 i - a +0 flail of protection
 n - a +1 war axe
 q - a +0 giant club
 y - the +1 war axe "Goblinslayer" (weapon) {speed, MR+}
   (You found it on level 10 of the Dungeon)

   Attacks with this weapon are significantly faster.
   It affects your resistance to hostile enchantments.
 C - the +8 shortbow "Omorrilo" {velocity, rElec Str+2 Stlth+, unknown}
   (Trog gifted it to you on level 10 of the Dungeon)

   Any arrow fired from it inflicts extra damage.
   It affects your strength (+2).
   It insulates you from electricity.
   It makes you more stealthy.
 E - a +0 battleaxe
 F - a +2 falchion of distortion
 G - a +0 battleaxe of freezing
 H - a +3 battleaxe of flaming
Missiles
 b - a throwing net (quivered)
 A - an exploding tomahawk
Armour
 d - a cursed +0 ring mail
 h - a +1 helmet (worn)
 l - a +2 cloak of magic resistance (worn)
 u - a +0 plate armour (worn)
Jewellery
 w - a ring of sustain attributes (right hand)
 x - an uncursed ring of teleportation
Wands
 j - a wand of digging (19/24)
 o - a wand of random effects (21/48)
 t - a wand of polymorph (2/24)
 B - a wand of flame (32/48)
Scrolls
 p - 2 scrolls of identify
 D - a scroll of remove curse
Potions
 c - 14 potions of blood
 f - 2 potions of curing
 g - 5 potions of heal wounds
 k - 2 potions of degeneration
 r - 2 potions of berserk rage
 s - 3 potions of lignification {unknown}
 z - a potion of might {unknown}
Books
 v - a book of the Tempests

   Spells                             Type                      Level
   a - Static Discharge               Conjuration/Air              3
   b - Lightning Bolt                 Conjuration/Air              5
   c - Fireball                       Conjuration/Fire             5
   d - Tornado                        Air                          9
   e - Shatter                        Earth                        9
   Trog disapproves of the use of such an item.


   Skills:
 - Level 5.1 Fighting
 + Level 15.5 Axes
 - Level 5.7 Armour
 - Level 2.1 Dodging


You had 10 spell levels left.
You didn't know any spells.

Dungeon Overview and Level Annotations

Branches:
Dungeon (11/15)            Temple (1/1) D:4            Lair (0/6) D:11
    Orc (2/2) D:9             Elf (0/3) Orc:2

Altars:
Ashenzari
Cheibriados
Dithmenos
Elyvilon
Fedhas
Gozag
Hepliaklqana
Kikubaaqudgha
Makhleb
Nemelex Xobeh
Okawaru
Pakellas
Qazlal
Ru
Sif Muna
Uskayaw
Vehumet
Yredelemnul
Zin
The Shining One
Beogh

Shops:
D:4 [!!   Orc:2 %:


Innate Abilities, Weirdness & Mutations

You heal slowly.
You have razor-sharp teeth.
You have supernaturally acute eyesight. (SInv)
You can survive without breathing.


Message History

The orc warrior shouts! x2
The sixfirhy hits you. The sixfirhy shocks you! The sixfirhy hits you.
The sixfirhy shocks you! The sixfirhy barely misses you.
The orc high priest utters an invocation to Beogh.
Unknown command.
The sixfirhy hits you but does no damage.
The orc warrior hits you with a hand axe.
Found Bucekana's Food Shop.
Unknown command.
You feel your anger subside.
The orc high priest shouts! x2
Unknown command.
You are no longer berserk.
You are exhausted.
You feel yourself slow down.
You are feeling very thirsty.
The orc warrior hits you with a hand axe!!
* * * LOW HITPOINT WARNING * * *
The soul eater hits you!
You die...

##.......##
#..#...#..#
##..o.(....#
#...#...#...#
##...o.......#
#....#...#....#
#3.oooo.......#
#.o..#o..#....#
#3@34ooo......#
#.o4o#o..#....#
##o..o.o....
#.4(#o..#.
##.o.......
#..#...#..
##.......#
###.#.### ...∩#


You could see an orc knight, 2 soul eaters, 3 orc high priests, 2 rust devils, a
sixfirhy, a chaos spawn, 12 orc warriors and 3 orc priests.

Vanquished Creatures
  2 orc high priests (Orc:2)
  Nergalle (D:9)
  An unseen horror (D:10)
  5 orc knights (Orc:2)
  2 orc sorcerers
  A cyclops (Orc:1)
  A gargoyle (D:11)
  2 trolls
  Grinder (D:4)
  A two-headed ogre (Orc:2)
  2 steam dragons
  A hungry ghost (D:7)
  2 water moccasins
  Edmund (D:3)
  A warg (Orc:2)
  A sky beast (D:7)
  24 orc warriors
  A phantom (D:9)
  9 ogres
  Blork the orc (D:5)
  3 giant frogs
  A scorpion (D:9)
  A wyvern skeleton (D:10)
  5 killer bees (D:10)
  5 wights (D:9)
  2 howler monkeys
  4 crimson imps
  A gnoll shaman (D:3)
  2 centaur zombies
  A hound (D:4)
  2 jellies
  20 orc priests
  18 orc wizards
  3 centaur skeletons
  3 giant frog skeletons
  Crazy Yiuf (D:4)
  Jessica (D:2)
  Natasha (thrice) (D:4 D:5)
  6 worker ants
  A hound zombie (D:4)
  3 adders
  5 gnolls (D:4)
  4 river rats (D:11)
  A shadow imp (D:9)
  4 giant geckos (D:4)
  75 orcs
  A giant cockroach (D:4)
  2 goblins
  3 hobgoblins
  10 jackals
  A quokka (D:8)
  2 ball pythons
  7 bats (D:11)
  A giant newt (D:2)
  4 kobolds
  11 rats
  A spectral orc (D:3)
  2 fungi (D:11)
280 creatures vanquished.

Vanquished Creatures (collateral kills)
  Snorg (Orc:2)
  2 orc warriors (Orc:2)
  4 orc priests (Orc:2)
  3 orcs (Orc:2)
10 creatures vanquished.

Grand Total: 290 creatures vanquished

Notes
Turn   | Place    | Note
-------+----------+-------------------------------------------
     0 | D:1      | brucemayne the Vampire Berserker began the quest for the Orb.
     0 | D:1      | Reached XP level 1. HP: 17/17 MP: 1/1
   132 | D:2      | Noticed Jessica
   143 | D:2      | Killed Jessica
   143 | D:2      | Reached skill level 3 in Axes
   143 | D:2      | Reached XP level 2. HP: 23/23 MP: 2/2
   143 | D:2      | Reached XP level 3. HP: 28/28 MP: 3/3
   255 | D:3      | Found a basalt altar of Yredelemnul.
   275 | D:3      | Reached skill level 4 in Axes
   349 | D:3      | Reached XP level 4. HP: 26/34 MP: 4/4
   426 | D:3      | Reached skill level 5 in Axes
   535 | D:4      | Reached XP level 5. HP: 16/39 MP: 5/5
   546 | D:4      | Found Toimpyvi's Distillery.
   581 | D:4      | Reached ** piety under Trog
   600 | D:4      | Noticed Grinder
   602 | D:4      | Noticed Edmund
   628 | D:3      | Killed Edmund
   628 | D:3      | Reached skill level 6 in Axes
   628 | D:3      | Reached XP level 6. HP: 46/46 MP: 6/6
   691 | D:4      | Killed Grinder
   691 | D:4      | Reached skill level 7 in Axes
   754 | D:4      | Found Tucs's Antique Armour Shop.
   785 | D:4      | Found a staircase to the Ecumenical Temple.
   794 | Temple   | Entered the Ecumenical Temple
   961 | D:4      | Reached XP level 7. HP: 41/51 MP: 7/7
  1062 | D:5      | Entered Level 5 of the Dungeon
  1209 | D:4      | Noticed Natasha
  1225 | D:4      | Killed Natasha
  1225 | D:4      | Reached skill level 8 in Axes
  1325 | D:4      | Found a runed door.
  1329 | D:4      | Noticed Crazy Yiuf
  1349 | D:4      | Killed Crazy Yiuf
  1469 | D:4      | Found Urotzefim's Distillery.
  1479 | D:4      | Bought a potion of heal wounds for 55 gold pieces
  1562 | D:4      | Noticed Natasha
  1574 | D:5      | Killed Natasha
  1708 | D:5      | Noticed Natasha
  1711 | D:5      | Killed Natasha
  1752 | D:6      | Found an opulent altar of Gozag.
  1850 | D:7      | Reached *** piety under Trog
  1850 | D:7      | Reached XP level 8. HP: 58/58 MP: 8/8
  1903 | D:7      | Reached skill level 9 in Axes
  2173 | D:5      | Noticed Blork the orc
  2180 | D:5      | Killed Blork the orc
  2180 | D:5      | Reached skill level 5 in Fighting
  2434 | D:8      | Found an ancient bone altar of Kikubaaqudgha.
  2510 | D:9      | Found an oddly glowing altar of Pakellas.
  2574 | D:9      | Reached XP level 9. HP: 64/68 MP: 9/9
  2579 | D:9      | Reached skill level 10 in Axes
  2853 | D:10     | Entered Level 10 of the Dungeon
  2854 | D:10     | Noticed Nergalle
  2958 | D:9      | Reached **** piety under Trog
  3143 | D:9      | Found a blossoming altar of Fedhas.
  3143 | D:9      | Found an opulent altar of Gozag.
  3143 | D:9      | Found a glowing silver altar of Zin.
  3216 | D:9      | Killed Nergalle
  3216 | D:9      | Reached skill level 11 in Axes
  3216 | D:9      | Reached skill level 5 in Armour
  3249 | D:10     | Noticed an unseen horror
  3259 | D:10     | Killed an unseen horror
  3259 | D:10     | Reached XP level 10. HP: 44/74 MP: 10/10
  3374 | D:10     | Got a fine war axe
  3375 | D:10     | Identified the cursed +1 war axe "Goblinslayer" {speed, MR+} (You found it on level 10 of the Dungeon)
  3464 | D:10     | Noticed a hill giant
  3566 | D:10     | Reached ***** piety under Trog
  3618 | D:10     | Reached skill level 12 in Axes
  3664 | D:10     | Received a gift from Trog
  3665 | D:10     | Got a pitted shortbow {god gift}
  3704 | D:11     | Noticed a gargoyle
  3713 | D:11     | Killed a gargoyle
  3771 | D:11     | Found a staircase to the Lair.
  3852 | D:9      | Found a staircase to the Orcish Mines.
  3857 | Orc:1    | Entered Level 1 of the Orcish Mines
  3858 | Orc:1    | Found a roughly hewn altar of Beogh.
  3858 | Orc:1    | Noticed an orc sorcerer
  3873 | Orc:1    | Killed an orc sorcerer
  4043 | Orc:2    | Entered Level 2 of the Orcish Mines
  4090 | Orc:2    | Found a staircase to the Elven Halls.
  4191 | Orc:2    | Reached skill level 13 in Axes
  4202 | Orc:2    | Noticed an orc sorcerer
  4228 | Orc:2    | Killed an orc sorcerer
  4276 | Orc:1    | Noticed a cyclops
  4288 | Orc:1    | Killed a cyclops
  4290 | Orc:1    | Reached XP level 11. HP: 51/79 MP: 11/11
  4757 | Orc:2    | Noticed an orc high priest
  4841 | Orc:2    | Killed an orc high priest
  4845 | Orc:2    | Reached skill level 14 in Axes
  4989 | Orc:2    | Noticed Snorg
  5004 | Orc:2    | Killed Snorg
  5152 | Orc:2    | Noticed an orc knight
  5175 | Orc:2    | Killed an orc knight
  5228 | Orc:2    | Noticed an orc knight
  5264 | Orc:2    | Killed an orc knight
  5326 | Orc:2    | Noticed an orc knight
  5372 | Orc:2    | Killed an orc knight
  5405 | Orc:2    | Noticed an orc high priest
  5429 | Orc:2    | Killed an orc high priest
  5429 | Orc:2    | Reached skill level 15 in Axes
  5535 | Orc:2    | Noticed an orc knight
  5558 | Orc:2    | Killed an orc knight
  5636 | Orc:2    | Noticed an orc knight
  5713 | Orc:2    | Killed an orc knight
  6048 | Orc:2    | Noticed an orc high priest
  6049 | Orc:2    | Noticed an orc high priest
  6051 | Orc:2    | Noticed an orc knight
  6053 | Orc:2    | Noticed a soul eater
  6056 | Orc:2    | Noticed an orc high priest
  6059 | Orc:2    | Noticed an orc high priest
  6059 | Orc:2    | Found Agethuy's Book Shop.
  6062 | Orc:2    | Noticed a soul eater
  6062 | Orc:2    | Found Bucekana's Food Shop.
  6064 | Orc:2    | Slain by a soul eater

Vault maps used:
D:1:      nagdon_arrival_double_spiral
D:2:      minmay_small_reverse_x, uniq_jessica
D:3:      yredelemnul_forgotten_temple_becter
D:4:      serial_shops, shop, nicolae_shop_stone, shop, first_bread,
          uniq_natasha, uniq_crazy_yiuf_cottage, uniq_grinder, uniq_edmund
D:5:      uniq_blork_the_orc
D:6:      basic_altar, uniq_menkaure
D:7:      the_bakery
D:8:      kiku_gazebo_pond_becter, serial_shops, kennysheep_mini_moat
D:9:      gammafunk_temple_overflow_forgotten, hiddenorc1_lemuel,
          grunt_pakellas_basics
D:10:     eino_tiny_chamber, uniq_nergalle
D:11:     evilmike_iron_armoury, grunt_lair_entry_orc_guard_hut, uniq_maurice,
          uniq_grum
Temple:   minmay_crystal_spiral_temple
Orc:1:    basic_altar
Orc:2:    st_orc_pillars, special_room, uniq_snorg

Skill      XL: |  1  2  3  4  5  6  7  8  9 10 11 |
---------------+----------------------------------+-----
Axes           | 3 4 5 6 7 8 9 11 13 15 | 15.5
Fighting       | 3 5 |  5.1
Armour         | 2 5 |  5.7
Dodging        | |  2.1

Action                   |  1- 3 |  4- 6 |  7- 9 | 10-12 || total
-------------------------+-------+-------+-------+-------++-------
Melee: Hand axe          |    46 |    64 |   112 |       ||   222
       Bite              |     5 |    11 |    50 |    86 ||   152
       War axe           |       |       |   312 |   536 ||   848
Invok: Berserk           |     1 |     4 |     8 |    17 ||    30
       Trog's Hand       |       |     1 |     3 |    15 ||    19
       Brothers in Arms  |       |       |       |     4 ||     4
 Abil: End Transformatio |       |       |     7 |    10 ||    17
       Bat Form          |       |       |     7 |    10 ||    17
Evoke: Wand              |       |       |       |     1 ||     1
  Use: Potion            |     1 |     6 |    19 |    32 ||    58
       Scroll            |       |       |     7 |     4 ||    11
Armor: Scale mail        |    21 |    29 |    55 |       ||   105
       Chain mail        |       |       |    87 |       ||    87
       Plate armour      |       |       |   129 |   207 ||   336
Dodge: Dodged            |    25 |    32 |   180 |   114 ||   351
